TOP OF THE 1ST |
Texas (APP) Rangers batting - Pitching for Seattle (APP) Mariners : LHP Aidan Smith
|
Pitching: LHP Aidan Smith
|
|
Batting: RHB Jay De Angelis
|
0-0: Called Strike 0-1: Ball 1-1: Ball 2-1: Ball 3-1: Base on Balls
|
Batting: LHB Walter Vegter
|
0-0: Ball 1-0: Called Strike 1-1: Ball 2-1: Ball 3-1: Fielders Choice at 2nd, 4-6 (Groundball, 4S, EV 81.2 MPH)
|
Batting: RHB Robby Adair
|
0-0: Ball Walter Vegter steals 2nd base (no throw) 1-0: Ball Walter Vegter steals 3rd base 2-0: Foul Ball, location: 2F 2-1: Foul Ball, location: 2F 2-2: Ball 3-2: Base on Balls
|
Batting: RHB Ryan Pastore
|
0-0: 3-RUN HOME RUN (Flyball, 8RXD, EV 108.1 MPH), Distance : 428 ft
|
Batting: RHB David Redman
|
0-0: Ball 1-0: Called Strike 1-1: Called Strike 1-2: Foul Ball, location: 2F 1-2: Ball 2-2: Foul Ball, location: 2F 2-2: Ball 3-2: Foul Ball, location: 2F 3-2: Base on Balls
|
Batting: RHB Matt Silva
|
0-0: Grounds into double play, 6-4-3 (Groundball, 56, EV 100.6 MPH)
|
Top of the 1st over - 3 runs, 1 hit, 0 errors, 0 left on base; Texas (APP) 3 - Seattle (APP) 0 |
BOTTOM OF THE 1ST |
Seattle (APP) Mariners batting - Pitching for Texas (APP) Rangers : RHP Jaleel Martin
|
Pitching: RHP Jaleel Martin
|
|
Batting: RHB Houston Brock
|
0-0: Ball 1-0: Called Strike 1-1: Ball 2-1: SINGLE (Groundball, 56D, EV 95.6 MPH)
|
Batting: RHB Mike Conaway
|
0-0: 2-RUN HOME RUN (Flyball, 7D, EV 92.5 MPH), Distance : 363 ft
|
Batting: RHB Tze-meng Li
|
0-0: Ball 1-0: Ball 2-0: Ball 3-0: Called Strike 3-1: Fly out, F8 (Flyball, 8LM, EV 88.1 MPH)
|
Batting: RHB Chris Olheiser
|
0-0: Ball 1-0: Swinging Strike 1-1: Ball 2-1: Foul Ball, location: 2F 2-2: Foul Ball, location: 2F 2-2: Ground out U3 (Groundball, 3L, EV 105.6 MPH)
|
Batting: RHB Ivan Davila
|
0-0: Called Strike 0-1: Ground out 6-3 (Groundball, 6, EV 79.4 MPH)
|
Bottom of the 1st over - 2 runs, 2 hits, 0 errors, 0 left on base; Texas (APP) 3 - Seattle (APP) 2 |
TOP OF THE 2ND |
Texas (APP) Rangers batting - Pitching for Seattle (APP) Mariners : LHP Aidan Smith
|
Batting: RHB Rafael Tapia
|
0-0: Called Strike 0-1: Ball 1-1: Fly out, F9 (Flyball, 9LS, EV 88.1 MPH)
|
Batting: RHB Alex Lopez
|
0-0: Fly out, F7 (Flyball, 7LD, EV 106.9 MPH)
|
Batting: SHB Albert Ortiz
|
0-0: Called Strike 0-1: Ball 1-1: Ball 2-1: Foul Ball, location: 2F 2-2: Ground out 5-3 (Groundball, 56S, EV 82.5 MPH)
|
Top of the 2nd over - 0 runs, 0 hits, 0 errors, 0 left on base; Texas (APP) 3 - Seattle (APP) 2 |
BOTTOM OF THE 2ND |
Seattle (APP) Mariners batting - Pitching for Texas (APP) Rangers : RHP Jaleel Martin
|
Batting: SHB Garrett McKenna
|
0-0: Called Strike 0-1: Ball 1-1: Foul Ball, location: 2F 1-2: Ground out 4-3 (Groundball, 4, EV 91.9 MPH)
|
Batting: RHB Enrique Valdez
|
0-0: Foul Ball, location: 2F 0-1: Foul Ball, location: 2F 0-2: Ball 1-2: Ball 2-2: Foul Ball, location: 2F 2-2: DOUBLE (Line Drive, 89M, EV 110.6 MPH)
|
Batting: RHB Chris Van Niel
|
0-0: Ball 1-0: Foul Ball, location: 2F 1-1: Ground out 6-3 (Groundball, 56, EV 86.2 MPH)
|
Batting: RHB Franklin Romero
|
0-0: 2-RUN HOME RUN (Flyball, 7D, EV 92.5 MPH), Distance : 369 ft
|
Batting: RHB Houston Brock
|
0-0: Hit by Pitch
|
Batting: RHB Mike Conaway
|
0-0: Called Strike 0-1: Ball Houston Brock is caught stealing 2nd base 2-4
|
Bottom of the 2nd over - 2 runs, 2 hits, 0 errors, 0 left on base; Texas (APP) 3 - Seattle (APP) 4 |
TOP OF THE 3RD |
Texas (APP) Rangers batting - Pitching for Seattle (APP) Mariners : LHP Aidan Smith
|
Batting: RHB Jay De Angelis
|
0-0: Ball 1-0: Ball 2-0: Ball 3-0: Called Strike 3-1: Swinging Strike 3-2: SINGLE (Groundball, 56S, EV 67.5 MPH) (infield hit)
|
Batting: LHB Walter Vegter
|
0-0: Called Strike 0-1: Ball 1-1: Ball Jay De Angelis steals 2nd base 2-1: Ball Jay De Angelis steals 3rd base 3-1: Ground out 6-3 (Groundball, 6, EV 76.9 MPH) Jay De Angelis scores
|
Batting: RHB Robby Adair
|
0-0: Ball 1-0: Swinging Strike 1-1: SINGLE (Flyball, 4MD, EV 98.1 MPH)
|
Batting: RHB Ryan Pastore
|
0-0: Ball 1-0: Foul Ball, location: 2F 1-1: Ball 2-1: Foul Ball, location: 2F 2-2: Strikes out swinging
|
Batting: RHB David Redman
|
0-0: Called Strike 0-1: Ball 1-1: Ball 2-1: Called Strike 2-2: Foul Ball, location: 2F 2-2: Foul Ball, location: 2F 2-2: Foul Ball, location: 2F 2-2: Foul Ball, location: 2F 2-2: Fielders Choice at 2nd, 6-4 (Groundball, 6, EV 90.0 MPH)
|
Top of the 3rd over - 1 run, 2 hits, 0 errors, 1 left on base; Texas (APP) 4 - Seattle (APP) 4 |
BOTTOM OF THE 3RD |
Seattle (APP) Mariners batting - Pitching for Texas (APP) Rangers : RHP Jaleel Martin
|
Batting: RHB Mike Conaway
|
0-0: Called Strike 0-1: SINGLE (Line Drive, 5D, EV 96.2 MPH)
|
Batting: RHB Tze-meng Li
|
0-0: Ball 1-0: TRIPLE (Line Drive, 8LXD, EV 108.1 MPH) Mike Conaway scores
|
Batting: RHB Chris Olheiser
|
0-0: Ball 1-0: Foul Ball, location: 2F 1-1: Ball 2-1: Fly out, F2 (Popup, 13S, EV 84.4 MPH)
|
Batting: RHB Ivan Davila
|
0-0: Ball Wild Pitch! Tze-meng Li scores 1-0: Fly out, F9 (Flyball, 9, EV 86.2 MPH)
|
Batting: SHB Garrett McKenna
|
0-0: Ball 1-0: Swinging Strike 1-1: Foul Ball, location: 2F 1-2: Ball 2-2: Ball 3-2: Ground out U3 (Groundball, 3, EV 82.5 MPH)
|
Bottom of the 3rd over - 2 runs, 2 hits, 0 errors, 0 left on base; Texas (APP) 4 - Seattle (APP) 6 |
TOP OF THE 4TH |
Texas (APP) Rangers batting - Pitching for Seattle (APP) Mariners : LHP Aidan Smith
|
Batting: RHB Matt Silva
|
0-0: Ball 1-0: Swinging Strike 1-1: Ball 2-1: Ball 3-1: SOLO HOME RUN (Flyball, 7LD, EV 93.1 MPH), Distance : 334 ft
|
Pitching: LHP Ben Burton
|
|
Batting: RHB Rafael Tapia
|
0-0: Bunt missed! 0-1: SINGLE (Groundball, 56D, EV 94.4 MPH)
|
Batting: RHB Alex Lopez
|
0-0: Called Strike 0-1: Ball 1-1: Ball Rafael Tapia is caught stealing 2nd base 2-4 2-1: Ball 3-1: Called Strike 3-2: Foul Ball, location: 2F 3-2: Foul Ball, location: 2F 3-2: SINGLE (Groundball, 56D, EV 108.1 MPH)
|
Batting: SHB Albert Ortiz
|
0-0: Called Strike 0-1: Ball 1-1: Ball 2-1: Called Strike 2-2: Strikes out swinging
|
Batting: RHB Jay De Angelis
|
0-0: Ball Alex Lopez steals 2nd base 1-0: Ball 2-0: Ball 3-0: Called Strike 3-1: Base on Balls
|
Batting: LHB Walter Vegter
|
0-0: Foul Ball, location: 2F 0-1: Foul Ball, location: 2F 0-2: Ball 1-2: Ball 2-2: Foul Ball, location: 2F 2-2: Ball 3-2: Base on Balls Alex Lopez to third Jay De Angelis to second
|
Batting: RHB Robby Adair
|
0-0: Foul Ball, location: 2F 0-1: Ball 1-1: Ball 2-1: Ground out 6-3 (Groundball, P, EV 90.6 MPH)
|
Top of the 4th over - 1 run, 3 hits, 0 errors, 3 left on base; Texas (APP) 5 - Seattle (APP) 6 |
BOTTOM OF THE 4TH |
Seattle (APP) Mariners batting - Pitching for Texas (APP) Rangers : RHP Jaleel Martin
|
Batting: RHB Enrique Valdez
|
0-0: Ball 1-0: Called Strike 1-1: Ball 2-1: Called Strike 2-2: DOUBLE (Groundball, 5L, EV 105.6 MPH)
|
Pitching: RHP Logan Dietz
|
|
Batting: RHB Chris Van Niel
|
0-0: Foul Ball, location: 2F 0-1: Swinging Strike 0-2: Strikes out swinging
|
Batting: RHB Franklin Romero
|
0-0: Intentional Walk
|
Batting: RHB Houston Brock
|
0-0: Called Strike Enrique Valdez steals 3rd base 0-1: Ball 1-1: Grounds into double play, 6-4-3 (Groundball, 6, EV 79.4 MPH)
|
Bottom of the 4th over - 0 runs, 1 hit, 0 errors, 1 left on base; Texas (APP) 5 - Seattle (APP) 6 |
TOP OF THE 5TH |
Texas (APP) Rangers batting - Pitching for Seattle (APP) Mariners : LHP Ben Burton
|
Pitching: RHP Chris Julien
|
|
Batting: RHB Ryan Pastore
|
0-0: SOLO HOME RUN (Flyball, 7LD, EV 92.5 MPH), Distance : 342 ft
|
Batting: RHB David Redman
|
0-0: Called Strike 0-1: Ball 1-1: Foul Ball, location: 2F 1-2: Foul Ball, location: 2F 1-2: Ball 2-2: Ground out 6-3 (Groundball, 6, EV 90.6 MPH)
|
Batting: RHB Matt Silva
|
0-0: Called Strike 0-1: Ball 1-1: SINGLE (Flyball, 9S, EV 82.5 MPH)
|
Pinch Hitting: LHB Justin Wheelock
|
0-0: Called Strike 0-1: Ball 1-1: Swinging Strike 1-2: Ball Wild Pitch! Matt Silva to second 2-2: Ball 3-2: Foul Ball, location: 2F 3-2: Base on Balls
|
Batting: RHB Alex Lopez
|
0-0: Ball 1-0: Called Strike 1-1: Swinging Strike 1-2: Foul Ball, location: 2F 1-2: Foul Ball, location: 2F 1-2: Ball 2-2: Foul Ball, location: 2F 2-2: Strikes out swinging
|
Pitching: RHP Matt Lane
|
|
Batting: SHB Albert Ortiz
|
0-0: Called Strike 0-1: Foul Ball, location: 2F 0-2: Foul Ball, location: 2F 0-2: Strikes out swinging
|
Top of the 5th over - 1 run, 2 hits, 0 errors, 2 left on base; Texas (APP) 6 - Seattle (APP) 6 |
BOTTOM OF THE 5TH |
Seattle (APP) Mariners batting - Pitching for Texas (APP) Rangers : RHP Logan Dietz
|
DELAY
|
Rain delay of 23 minutes in the 5th inning.
|
Now at SS: Jeremy Palac
|
|
Batting: RHB Mike Conaway
|
0-0: Ground out 6-3 (Groundball, 6, EV 102.5 MPH)
|
Batting: RHB Tze-meng Li
|
0-0: Ball 1-0: Ball 2-0: SINGLE (Line Drive, 4D, EV 101.2 MPH)
|
Batting: RHB Chris Olheiser
|
0-0: Called Strike 0-1: Fielders Choice at 2nd, 4-6 (Groundball, 4, EV 93.8 MPH)
|
Batting: RHB Ivan Davila
|
0-0: Foul Ball, location: 2F 0-1: Foul Ball, location: 2F 0-2: Ball 1-2: Strikes out swinging
|
Bottom of the 5th over - 0 runs, 1 hit, 0 errors, 1 left on base; Texas (APP) 6 - Seattle (APP) 6 |
TOP OF THE 6TH |
Texas (APP) Rangers batting - Pitching for Seattle (APP) Mariners : RHP Matt Lane
|
Batting: RHB Jay De Angelis
|
0-0: Fly out, F9 (Line Drive, 9, EV 90.6 MPH)
|
Batting: LHB Walter Vegter
|
0-0: Foul Ball, location: 2F 0-1: Foul Ball, location: 2F 0-2: Foul Ball, location: 2F 0-2: Ball 1-2: Ground out 6-3 (Groundball, 6, EV 84.4 MPH)
|
Batting: RHB Robby Adair
|
0-0: Called Strike 0-1: Ball 1-1: Ball 2-1: Called Strike 2-2: Ball 3-2: Ground out 1-3 (Groundball, 13S, EV 61.9 MPH)
|
Top of the 6th over - 0 runs, 0 hits, 0 errors, 0 left on base; Texas (APP) 6 - Seattle (APP) 6 |
BOTTOM OF THE 6TH |
Seattle (APP) Mariners batting - Pitching for Texas (APP) Rangers : RHP Logan Dietz
|
Batting: SHB Garrett McKenna
|
0-0: Swinging Strike 0-1: Called Strike 0-2: Foul Ball, location: 2F 0-2: Ball 1-2: Ball 2-2: Strikes out looking
|
Batting: RHB Enrique Valdez
|
0-0: Called Strike 0-1: Swinging Strike 0-2: Strikes out swinging
|
Batting: RHB Chris Van Niel
|
0-0: Ball 1-0: DOUBLE (Line Drive, 89XD, EV 107.5 MPH)
|
Batting: RHB Franklin Romero
|
0-0: Intentional Walk
|
Batting: RHB Houston Brock
|
0-0: Called Strike 0-1: Called Strike 0-2: Ball 1-2: Strikes out swinging
|
Bottom of the 6th over - 0 runs, 1 hit, 0 errors, 2 left on base; Texas (APP) 6 - Seattle (APP) 6 |
TOP OF THE 7TH |
Texas (APP) Rangers batting - Pitching for Seattle (APP) Mariners : RHP Matt Lane
|
Pitching: RHP Harry Hammons
|
|
Batting: RHB Ryan Pastore
|
0-0: Ball 1-0: Swinging Strike 1-1: Ball 2-1: Ball 3-1: Called Strike 3-2: Foul Ball, location: 2F 3-2: Base on Balls
|
Batting: LHB Tomoya Hashimoto
|
0-0: Ball 1-0: Called Strike 1-1: Foul Ball, location: 2F 1-2: Ball 2-2: Foul Ball, location: 2F 2-2: Ball 3-2: Base on Balls Ryan Pastore to second
|
Batting: RHB Matt Silva
|
0-0: SINGLE (Flyball, 4D, EV 89.4 MPH) Ryan Pastore to third Tomoya Hashimoto to second
|
Batting: RHB Jeremy Palac
|
0-0: Foul Ball, location: 2F 0-1: Foul Ball, location: 2F 0-2: Ball 1-2: Strikes out swinging
|
Pitching: RHP Sid Lampone
|
|
Pinch Hitting: LHB Steven Frederick
|
0-0: Foul Ball, location: 2F 0-1: Ball 1-1: Ball 2-1: Called Strike 2-2: Foul Ball, location: 2F 2-2: SINGLE (Line Drive, 34, EV 93.8 MPH) Ryan Pastore scores Tomoya Hashimoto to third Matt Silva to second Runner from 3rd tries for Home, throw by RF and OUT! 9-2
|
Batting: SHB Albert Ortiz
|
0-0: Called Strike 0-1: DOUBLE (Line Drive, 7LM, EV 104.4 MPH) Matt Silva scores Steven Frederick to third Runner from 3rd tries for Home, SAFE, throw by LF to trailing runner, SAFE at third!
|
Batting: RHB Jay De Angelis
|
0-0: Ball 1-0: Ground out 4-3 (Groundball, 4, EV 98.1 MPH)
|
Top of the 7th over - 3 runs, 3 hits, 0 errors, 1 left on base; Texas (APP) 9 - Seattle (APP) 6 |
BOTTOM OF THE 7TH |
Seattle (APP) Mariners batting - Pitching for Texas (APP) Rangers : RHP Logan Dietz
|
Pitching: LHP Chris Vachon
|
|
Now at 2B: Jeremy Palac
|
|
Now at SS: Mark Paquin
|
|
Now in LF: Jordan Llanes
|
|
Batting: RHB Mike Conaway
|
0-0: Ball 1-0: Ball 2-0: Called Strike 2-1: Ball 3-1: Called Strike 3-2: Fly out, F9 (Flyball, 9LM, EV 94.4 MPH)
|
Batting: RHB Tze-meng Li
|
0-0: Ground out 6-3 (Groundball, 4MS, EV 73.8 MPH)
|
Batting: RHB Chris Olheiser
|
0-0: Ball 1-0: Ball 2-0: Ball 3-0: Called Strike 3-1: Foul Ball, location: 2F 3-2: Foul Ball, location: 2F 3-2: Foul Ball, location: 2F 3-2: Fly out, F9 (Flyball, 89S, EV 96.9 MPH)
|
Bottom of the 7th over - 0 runs, 0 hits, 0 errors, 0 left on base; Texas (APP) 9 - Seattle (APP) 6 |
TOP OF THE 8TH |
Texas (APP) Rangers batting - Pitching for Seattle (APP) Mariners : RHP Sid Lampone
|
Batting: LHB Walter Vegter
|
0-0: Ball 1-0: Called Strike 1-1: Ball 2-1: Ball 3-1: Foul Ball, location: 2F 3-2: Foul Ball, location: 2F 3-2: Base on Balls
|
Batting: RHB Robby Adair
|
0-0: Ball 1-0: Ball 2-0: Foul Ball, location: 2F 2-1: Foul Ball, location: 2F 2-2: Ball 3-2: Base on Balls Walter Vegter to second
|
Pitching: LHP Adam Parrish
|
|
Batting: RHB Ryan Pastore
|
0-0: Reached on error, E4 (Groundball, 34D, EV 106.2 MPH) Walter Vegter to third Robby Adair to second
|
Batting: LHB Tomoya Hashimoto
|
0-0: Ball 1-0: Foul Ball, location: 2F 1-1: DOUBLE (Line Drive, 8LXD, EV 104.4 MPH) Walter Vegter scores Robby Adair scores Ryan Pastore to third
|
Batting: RHB Matt Silva
|
0-0: SINGLE (Groundball, 5S, EV 71.2 MPH) (infield hit) Ryan Pastore scores Tomoya Hashimoto to third
|
Batting: RHB Jeremy Palac
|
0-0: Swinging Strike 0-1: Foul Ball, location: 2F 0-2: Strikes out swinging
|
Batting: SHB Mark Paquin
|
0-0: Called Strike 0-1: Swinging Strike 0-2: Ground out 6-3 (Groundball, 6S, EV 69.4 MPH) Tomoya Hashimoto scores Matt Silva to second
|
Batting: SHB Albert Ortiz
|
0-0: Foul Ball, location: 2F 0-1: Swinging Strike 0-2: Ball 1-2: Foul Ball, location: 2F 1-2: Fly out, F9 (Flyball, 9LM, EV 74.4 MPH)
|
Top of the 8th over - 4 runs, 2 hits, 1 error, 1 left on base; Texas (APP) 13 - Seattle (APP) 6 |
BOTTOM OF THE 8TH |
Seattle (APP) Mariners batting - Pitching for Texas (APP) Rangers : LHP Chris Vachon
|
Batting: RHB Ivan Davila
|
0-0: Fly out, F9 (Flyball, 9, EV 82.5 MPH)
|
Batting: SHB Garrett McKenna
|
0-0: Called Strike 0-1: Foul Ball, location: 2F 0-2: Strikes out swinging
|
Batting: RHB Enrique Valdez
|
0-0: Ball 1-0: Foul Ball, location: 2F 1-1: Ball 2-1: Fly out, F8 (Flyball, 8RM, EV 85.6 MPH)
|
Bottom of the 8th over - 0 runs, 0 hits, 0 errors, 0 left on base; Texas (APP) 13 - Seattle (APP) 6 |
TOP OF THE 9TH |
Texas (APP) Rangers batting - Pitching for Seattle (APP) Mariners : LHP Adam Parrish
|
Batting: RHB Jordan Llanes
|
0-0: Ball 1-0: Called Strike 1-1: Ball 2-1: Called Strike 2-2: Ball 3-2: Base on Balls
|
Batting: LHB Walter Vegter
|
0-0: Called Strike 0-1: Ball 1-1: Ball 2-1: Ball 3-1: TRIPLE (Line Drive, 89XD, EV 108.8 MPH) Jordan Llanes scores
|
Batting: RHB Robby Adair
|
0-0: Foul Ball, location: 2F 0-1: 2-RUN HOME RUN (Flyball, 7D, EV 100.0 MPH), Distance : 368 ft
|
Pitching: RHP Luis Castro
|
|
Batting: RHB Ryan Pastore
|
0-0: Ball 1-0: Ground out 4-3 (Groundball, 4, EV 99.4 MPH)
|
Batting: LHB Tomoya Hashimoto
|
0-0: Ball 1-0: Called Strike 1-1: Ball 2-1: Ball 3-1: Called Strike 3-2: Base on Balls
|
Batting: RHB Matt Silva
|
0-0: Fly out, F8 (Flyball, 8LD, EV 90.0 MPH)
|
Batting: RHB Jeremy Palac
|
0-0: DOUBLE (Flyball, 8LXD, EV 110.6 MPH) Tomoya Hashimoto to third Runner from 3rd tries for Home, throw by CF and OUT! 8-2
|
Top of the 9th over - 3 runs, 3 hits, 0 errors, 1 left on base; Texas (APP) 16 - Seattle (APP) 6 |
BOTTOM OF THE 9TH |
Seattle (APP) Mariners batting - Pitching for Texas (APP) Rangers : LHP Chris Vachon
|
Batting: RHB Chris Van Niel
|
0-0: Swinging Strike 0-1: Ball 1-1: Called Strike 1-2: Ball 2-2: Foul Ball, location: 2F 2-2: Ground out 5-3 (Groundball, 56, EV 85.6 MPH)
|
Batting: RHB Franklin Romero
|
0-0: Ball 1-0: Foul Ball, location: 2F 1-1: Foul Ball, location: 2F 1-2: Strikes out swinging
|
Batting: RHB Houston Brock
|
0-0: Called Strike 0-1: Ground out 1-3 (Groundball, 34S, EV 66.2 MPH)
|
Bottom of the 9th over - 0 runs, 0 hits, 0 errors, 0 left on base; Texas (APP) 16 - Seattle (APP) 6 |
|